 Dungeon Crawl Stone Soup version 0.23.2 (webtiles) character file.

Game seed: 10103898505949670096

564 Gingko the Shield-Bearer (level 7, -1/41 HPs)
             Began as a Gargoyle Fighter on Apr 5, 2019.
             Killed by divine providence
             ... invoked by an orc priest
              (14 damage)
             ... on level 4 of the Dungeon.
             The game lasted 00:15:09 (4544 turns).

Gingko the Shield-Bearer (Gargoyle Fighter)         Turns: 4544, Time: 00:15:10

Health: -1/41      AC: 15    Str: 20 (22) XL:     7   Next: 32%
Magic:  7/7        EV:  8    Int:  5 (8)  God:
Gold:   210        SH: 10    Dex:  6 (9)  Spells: 6/6 levels left

rFire    . . .     SeeInvis .   D - +2 flail (protect)
rCold    . . .     Gourm    .   c - +0 shield
rNeg     + . .     Faith    .   b - +0 scale mail
rPois    ∞         Spirit   .   t - +0 helmet
rElec    +         Reflect  .   (no cloak)
rCorr    .         Harm     .   v - +0 pair of gloves {archery}
MR       .....                  l - +0 pair of boots (curse)
Stlth    ..........             (no amulet)
HPRegen  0.13/turn              (no ring)
MPRegen  0.10/turn              (no ring)

@: hasted, very quick
A: negative energy resistance 1, electricity resistance, unbreathing,
petrification resistance, rot immunity, AC +4
a: no special abilities


You were on level 4 of the Dungeon.
You were not hungry.

You visited 1 branch of the dungeon, and saw 4 of its levels.

You collected 210 gold pieces.

Inventory:

Hand Weapons
 a - a +0 flail
 D - a +2 flail of protection (weapon)
Missiles
 p - 81 arrows
 w - 5 tomahawks (quivered)
 x - 24 poisoned needles
Armour
 b - a +0 scale mail (worn)
 c - a +0 shield (worn)
 l - a cursed +0 pair of boots (worn)
 t - a +0 helmet (worn)
 v - a +0 pair of gloves of archery (worn)
Jewellery
 y - an uncursed ring of flight {unknown}
Scrolls
 h - 3 scrolls of blinking {unknown}
 i - 3 scrolls of remove curse {unknown}
 j - 2 scrolls of fear {unknown}
 k - 3 scrolls of amnesia {unknown}
 m - 4 scrolls of identify {unknown}
 n - 2 scrolls of random uselessness {unknown}
 z - a scroll of immolation {unknown}
 B - a scroll of magic mapping {unknown}
Potions
 d - a potion of might
 e - a potion of brilliance {unknown}
 g - a potion of heal wounds {unknown}
 o - 7 potions of curing
 q - a potion of flight {unknown}
 r - 3 potions of haste
 s - a potion of invisibility {unknown}
 u - a potion of lignification {unknown}
 C - a potion of degeneration
Comestibles
 f - 4 rations
 A - a chunk of flesh


   Skills:
 - Level 3.2 Fighting
 - Level 5.4 Maces & Flails
 - Level 3.2 Armour
 + Level 6.9 Shields


You had 6 spell levels left.
You didn't know any spells.
Your spell library was empty.

Dungeon Overview and Level Annotations

Branches:
Dungeon (4/15)
 Temple: D:4-7

Altars:
Cheibriados
Ru


Innate Abilities, Weirdness & Mutations

You are resistant to torment.
Your stone body is resilient. (AC +4)
You are immune to poison.
You resist negative energy. (rN+)
You are resistant to electric shocks. (rElec)
You can survive without breathing.
You are immune to petrification.
You are immune to rotting.


Message History

You hear some strange, mumbled words.
A puff of flame appears from out of thin air!
The puff of flame misses you.
You sock something!
Your weapon exudes an aura of protection.
Reactivating autopickup.
You feel a bit more experienced.
The orc priest looks satisfied for a moment.
The orc priest calls down the wrath of Beogh upon you.
Beogh smites you!
* * * LOW HITPOINT WARNING * * *
It was a potion of curing.
You feel better. The orc priest closely misses you.
It was a potion of haste.
You feel yourself speed up. You block the orc priest's attack.
It was a potion of degeneration.
There was something very wrong with that liquid.
You feel weakened.
You feel dopey.
You feel clumsy.
The orc priest calls down the wrath of Beogh upon you.
Beogh smites you!
You die...

#..........o..r........##
##.#.
##.#.#.###o##............
... #.#...#
#......r....#.# #.#
##.#...# #######o....#.#
#.# ....^..#### #o###÷#.#
#÷# ..........# #)# #.#.#
#.# ..........# #o# #.#.#
#.# ..........######.#
#.#.# #)#
................@# #.#.#
#.####
..........##########.#'##
#.#... .......######
#......####.#...
............#
#...............
............#
#......####.#.))
............#
#...........'...
............#
#.......###.#...
...###......#
#...............
.......[....#
####............


You could see 3 orc priests and a quokka.

Vanquished Creatures
  Edmund (D:4)
  A scorpion (D:3)
  2 orc priests (D:4)
  6 orc wizards
  Robin (D:2)
  5 adders
  A shadow imp (D:3)
  2 oozes
  2 worms (D:3)
  11 orcs
  A giant cockroach (D:4)
  13 goblins
  8 hobgoblins
  6 jackals (D:1)
  A quokka (D:2)
  4 bats
  3 frilled lizards
  2 kobolds (D:3)
  6 rats
76 creatures vanquished.

Notes
Turn   | Place    | Note
-------+----------+-------------------------------------------
     0 | D:1      | Gingko the Gargoyle Fighter began the quest for the Orb.
     0 | D:1      | Reached XP level 1. HP: 14/14 MP: 1/1
   267 | D:1      | Reached XP level 2. HP: 14/19 MP: 2/2
  1246 | D:1      | Reached skill level 4 in Shields
  1246 | D:1      | Reached XP level 3. HP: 22/23 MP: 3/3
  1340 | D:2      | Found a snail-covered altar of Cheibriados.
  1666 | D:2      | Noticed Robin
  1683 | D:2      | Killed Robin
  1811 | D:2      | Reached XP level 4. HP: 25/28 MP: 4/4
  2601 | D:3      | Reached skill level 5 in Shields
  2601 | D:3      | Reached XP level 5. HP: 22/32 MP: 5/5
  3001 | D:3      | Found a faded altar of an unknown god.
  3267 | D:3      | Found a sacrificial altar of Ru.
  3271 | D:3      | Reached XP level 6. HP: 37/37 MP: 6/6
  4081 | D:4      | Noticed Edmund
  4098 | D:4      | Killed Edmund
  4098 | D:4      | Reached skill level 5 in Maces & Flails
  4098 | D:4      | Reached skill level 6 in Shields
  4204 | D:4      | Reached XP level 7. HP: 24/41 MP: 7/7
  4544 | D:4      | Killed from afar by an orc priest

Skill      XL: |  1  2  3  4  5  6 |
---------------+-------------------+-----
Shields        | 4 5 6 |  6.9
Maces & Flails | 3 4 5 |  5.4
Fighting       | |  3.2
Armour         | |  3.2

Action                   |  1- 3 |  4- 6 |  7- 9 || total
-------------------------+-------+-------+-------++-------
Melee: Flail             |   112 |   234 |    35 ||   381
  Use: Potion            |       |     1 |     3 ||     4
  Eat: Chunk             |     3 |     4 |     2 ||     9
       Ration            |       |     1 |       ||     1
Armor: Scale mail        |    45 |   142 |    29 ||   216
Dodge: Dodged            |    26 |    56 |     6 ||    88
Block: Shield            |    63 |   115 |    12 ||   190
